 Dungeon Crawl Stone Soup version 0.24.0-125-gc4c63601f3 (webtiles) character file.

Game seed: 15005442027117014833, levelgen mode: deterministic

60 shadizar the Skirmisher (level 4, 0/29 HPs)
             Began as a Gargoyle Fighter on Mar 14, 2020.
             Slain by a gnoll (2 damage)
             ... on level 3 of the Dungeon.
             The game lasted 00:02:24 (1328 turns).

shadizar the Skirmisher (Gargoyle Fighter)          Turns: 1328, Time: 00:02:24

Health: 0/29       AC: 10    Str: 20    XL:     4   Next: 6%
Magic:  4/4        EV: 12    Int:  9    God:
Gold:   59         SH:  9    Dex: 14    Spells: 3/3 levels left

rFire    . . .     SeeInvis .   a - +0 flail
rCold    . . .     Gourm    .   c - +0 shield
rNeg     + . .     Faith    .   b - +0 scale mail
rPois    ∞         Spirit   .   (no helmet)
rElec    +         Reflect  .   (no cloak)
rCorr    .         Harm     .   (no gloves)
MR       .....                  (no boots)
Stlth    +.........             (no amulet)
HPRegen  0.09/turn              (no ring)
MPRegen  0.09/turn              (no ring)

@: agile
A: negative energy resistance 1, electricity resistance, unbreathing,
petrification resistance, rot immunity, AC +3
a: no special abilities


You were on level 3 of the Dungeon.
You were hungry.

You visited 1 branch of the dungeon, and saw 3 of its levels.

You collected 59 gold pieces.

Inventory:

Hand Weapons
 a - a +0 flail (weapon)
 r - a +0 morningstar
Armour
 b - a +0 scale mail (worn)
 c - a +0 shield (worn)
 j - a +0 helmet
 s - a +0 pair of boots
 t - a cursed +0 helmet
Scrolls
 e - 4 scrolls of identify {unknown}
 g - a scroll of amnesia {unknown}
 k - 2 scrolls of remove curse {unknown}
 l - a scroll of teleportation {unknown}
 o - 2 scrolls of enchant armour {unknown}
 q - a scroll of magic mapping {unknown}
 u - a scroll of fog {unknown}
Potions
 d - 2 potions of might
 h - 2 potions of magic {unknown}
 i - a potion of degeneration {unknown}
 m - a potion of ambrosia {unknown}
 n - a potion of heal wounds {unknown}
 p - 2 potions of agility
Comestibles
 f - 5 rations


   Skills:
 * Level 4.1 Fighting
 + Level 2.4 Maces & Flails
 + Level 3.6 Armour
 + Level 0.9 Dodging
 + Level 3.6 Shields


You had 3 spell levels left.
You didn't know any spells.
Your spell library was empty.

Dungeon Overview and Level Annotations

Branches:
Dungeon (3/15)

Altars:
Fedhas
Hepliaklqana
Uskayaw


Innate Abilities, Weirdness & Mutations

You are resistant to torment.
Your stone body is resilient. (AC +3)
You are immune to poison.
You resist negative energy. (rN+)
You are resistant to electric shocks. (rElec)
You can survive without breathing.
You are immune to petrification.
You are immune to rotting.


Message History

You are too injured to fight recklessly!
You are too injured to fight recklessly!
You are too injured to fight recklessly!
You are too injured to fight recklessly!
You are too injured to fight recklessly!
The gnoll hits you from afar with a +0 halberd!
* * * LOW HITPOINT WARNING * * *
You block the gnoll's attack.
There is an open door here.
The gnoll hits you.
* * * LOW HITPOINT WARNING * * *
Okay, then.
You are feeling hungry.
There is an open door here.
There is a stone staircase leading up here.
It was a potion of agility.
You feel agile all of a sudden.
Okay, then.
The gnoll hits you.
You die...

##...## ##'##
###.######
#........#
##.#.####.#
##.....#
##g#.....#
#.######.#.....##
#......@g...#..#
##########..#....
##.#.#### #....
##.# .# #


You could see 2 gnolls.

Vanquished Creatures
  A gnoll (D:3)
  An adder (D:2)
  2 worms (D:2)
  An orc (D:2)
  5 giant cockroaches
  3 goblins
  3 hobgoblins
  6 jackals (D:1)
  4 kobolds
  A bat (D:1)
  A frilled lizard (D:1)
  5 rats
33 creatures vanquished.

Notes
Turn   | Place    | Note
-------+----------+-------------------------------------------
     0 | D:1      | shadizar the Gargoyle Fighter began the quest for the Orb.
     0 | D:1      | Reached XP level 1. HP: 14/14 MP: 1/1
    61 | D:1      | Reached XP level 2. HP: 19/19 MP: 2/2
   679 | D:2      | Reached XP level 3. HP: 23/24 MP: 3/3
   756 | D:2      | Found a hazy altar of Hepliaklqana.
   785 | D:2      | Found a hide-covered altar of Uskayaw.
   921 | D:2      | Reached skill level 4 in Fighting
  1083 | D:2      | Found a blossoming altar of Fedhas.
  1303 | D:3      | Reached XP level 4. HP: 29/29 MP: 4/4
  1310 | D:3      | HP: 1/29 [gnoll (4)]
  1328 | D:3      | Slain by a gnoll

Levels and vault maps discovered:
D:1:      nicolae_arrival_memento_mori, layout_loops_ring, skrybe_limestone_x
D:2:      layout_loops_cross, lemuel_doored_altar, fedhas_altar_3,
          eat_drink_and_be_merry_uskayaw, first_ration
D:3:      layout_loops_corners, grunt_temple_overflow_open,
          nicolae_gozag_cash_rules_everything_around_me

Skill      XL: |  1  2  3 |
---------------+----------+-----
Fighting       | 4 |  4.1
Maces & Flails | |  2.4
Armour         | |  3.6
Dodging        | |  0.9
Shields        | |  3.6

Action                   |  1- 3 |  4- 6 || total
-------------------------+-------+-------++-------
Melee: Flail             |   107 |     1 ||   108
  Use: Potion            |       |     1 ||     1
  Eat: Chunk             |     1 |       ||     1
Armor: Scale mail        |    59 |     1 ||    60
Dodge: Dodged            |    41 |       ||    41
Block: Shield            |    71 |     3 ||    74
